AoeStats
← A pelubi

Arabia

509958748Analyzed
1v1 RM · 3d ago on Sep 28, 2026· 47m 20s· 2 players
Game mode
Random Map
Map size
Tiny (2 player)
Population
200
Speed
Normal
Resources
Standard
Victory
Conquest
Starting age
Dark Age
Ending age
Imperial Age
RankedLock teamsTeams togetherTeam positionsShared explorationLock speedFull tech treeHidden civsTurbo modeCheats
Victory
Defeat
🇦🇷 Saracens · Argentina
1004
+14
🇨🇱 Magyars · Chile
971
-14
tiguzman
6:25 Loom
9:41 Feudal Age
10:44 Double-Bit Axe
12:45 Horse Collar
18:52 Wheelbarrow
22:10 Castle Age
20:34 Gold Mining
20:58 Bloodlines
28:28 Fletching
28:45 Scale Barding Armor
29:14 Hand Cart
29:12 Bow Saw
31:52 Husbandry
32:04 Thumb Ring
32:09 Padded Archer Armor
33:27 Bodkin Arrow
34:01 Light Cavalry
35:18 Ballistics
36:15 Elite Skirmisher
38:16 Chain Barding Armor
38:11 Leather Archer Armor
42:55 Imperial Age
41:30 Heavy Plow
43:43 Masonry
44:04 Cavalier
A pelubi
5:21 Loom
5:27 Loom
9:16 Feudal Age
10:57 Double-Bit Axe
22:07 Castle Age
21:09 Forging
20:51 Fletching
24:29 Bow Saw
24:01 Horse Collar
24:05 Crossbowman
25:22 Gold Mining
31:14 Stone Mining
31:27 Heavy Plow
31:40 Padded Archer Armor
31:35 Bodkin Arrow
35:21 Thumb Ring
39:43 Imperial Age
38:37 Wheelbarrow
38:51 Bimaristan
39:49 Ballistics
40:28 Leather Archer Armor
41:25 Gold Shaft Mining
41:22 Arbalester
46:19 Chemistry
45:46 Bimaristan
47:30 Hand Cart
47:41 Bracer
48:12 Ring Archer Armor
Connection lost

Rejoining the realm…

Still unreachable

The connection could not be restored.

Session expired

The server has moved on; the page needs a fresh start.